 Dungeon Crawl Stone Soup version 0.22-a0-855-g415d086bb8 (webtiles) character file.

798 MiK0 the Ruffian (level 7, -6/71 HPs)
             Began as a Troll Berserker on July 27, 2018.
             Was an Elder of Trog.
             Mangled by a water moccasin (7 damage)
             ... on level 4 of the Dungeon.
             The game lasted 00:26:26 (3839 turns).

MiK0 the Ruffian (Troll Berserker)                  Turns: 3839, Time: 00:26:26

Health: -6/71      AC:  5    Str: 33    XL:     7   Next: 58%
Magic:  6/6        EV: 12    Int:  3    God:    Trog [****..]
Gold:   177        SH:  0    Dex: 14    Spells: 6/6 levels left

rFire    . . .     SeeInvis .     - Unarmed
rCold    . . .     Gourm    +   (no shield)
rNeg     . . .     Faith    .   A - +0 robe (curse)
rPois    .         Spirit   .   (helmet restricted)
rElec    .         Reflect  .   j - scarf {repulsion}
rCorr    +         Harm     .   (gloves unavailable)
MR       .....                  (boots unavailable)
Stlth    +.........             g - amulet of magic regeneration (curse)
HPRegen  0.61/turn              x - ring of resist corrosion
MPRegen  0.35/turn              y - +5 ring of dexterity

@: mighty, lethally poisoned (-6 -> -7), repel missiles
A: large, unfitting armour, claws 3, fast metabolism 3, gourmand, regeneration
1, shaggy fur 1, tough skin 2
a: Berserk, Trog's Hand, Brothers in Arms, Renounce Religion


You were on level 4 of the Dungeon.
You worshipped Trog.
Trog was greatly pleased with you.
You were completely stuffed.

You visited 1 branch of the dungeon, and saw 5 of its levels.

You collected 177 gold pieces.

Inventory:

Missiles
 e - 95 stones (quivered)
Armour
 a - a +0 animal skin
 j - a scarf of repulsion (worn)
 A - a cursed +0 robe (worn)
Jewellery
 d - a +5 ring of intelligence
 g - a cursed amulet of magic regeneration (around neck)
 x - a ring of resist corrosion (left claw)
 y - a +5 ring of dexterity (right claw)
 C - the amulet "Maupotof" {+Rage Slay+5, unknown}
   (You found it on level 5 of the Dungeon)

   [amulet of rage]

   It affects your accuracy and damage with ranged weapons and melee attacks
   (+5).
   It lets you go berserk.
Wands
 v - a wand of random effects (37)
Scrolls
 c - a scroll of magic mapping
 i - 3 scrolls of identify
 l - a scroll of immolation
 m - a scroll of blinking {unknown}
 n - a scroll of enchant weapon {unknown}
 r - 2 scrolls of fear {unknown}
 s - a scroll of amnesia {unknown}
 B - a scroll of remove curse {unknown}
Potions
 f - 3 potions of agility
 h - 2 potions of curing {unknown}
 k - a potion of might
 o - a potion of haste {unknown}
 p - 2 potions of magic {unknown}
 q - a potion of lignification {unknown}
 t - a potion of degeneration {unknown}
 u - a potion of flight {unknown}
 w - a potion of ambrosia {unknown}
 z - a potion of brilliance {unknown}
 D - a potion of berserk rage {unknown}
Comestibles
 b - 11 rations
 E - a chunk of flesh


   Skills:
 + Level 4.7 Fighting
 + Level 4.7 Dodging
 + Level 5.8 Unarmed Combat


You had 6 spell levels left.
You didn't know any spells.
Your spell library was empty.

Dungeon Overview and Level Annotations

Branches:
Dungeon (5/15)             Temple (0/1) D:5

Altars:
Fedhas
Nemelex Xobeh
Trog
The Shining One

Shops:
D:4 (

Annotations:
D:4 Sigmund
D:5 Menkaure


Innate Abilities, Weirdness & Mutations

You are too large for most types of armour.
You have claws for hands.
Your metabolism is lightning-fast.
You like to eat raw meat.
Your natural rate of healing is unusually fast.
You are covered in fur. (AC +1)
You have very tough skin. (AC +2)


Message History

You feel sick. The worker ant zombie bites you.
* * * LOW HITPOINT WARNING * * *
The water moccasin bites you.
* * * LOW HITPOINT WARNING * * *
You feel sick.
There is a stone staircase leading up here.
You feel sick. The adder barely misses you. The water moccasin bites you.
* * * LOW HITPOINT WARNING * * *
The adder closely misses you.
You climb upwards.
Level annotation: Sigmund
* * * LOW HITPOINT WARNING * * *
You feel sick.
There is a stone staircase leading down here.
Okay, then.
It was a potion of might.
You feel very mighty all of a sudden.
* * * LOW HITPOINT WARNING * * *
You feel sick. The water moccasin bites you!
You die...

#.### #.# #.......# #.# #.#
#^##..#.# #.# ##'## #.##..#.#
#.# ##...## #.......# #.##
##.....## #.....### #..##
##.......######.#.##
#####...####.................#
...........'.................#
#####...####....@....####....#
#..## ##..SS....# ###...# #.##
##...(.#.# #.....#
#.#########...##.# #.##.##
#.....#..........# #.##.#
#####.#.##.#.###.###.##.#
#.#.##.#.###........#
#.#.##.#..##.###.####
#.#.#....#.#.# #.#


You could see a water moccasin and an adder.

Vanquished Creatures
  A centaur (D:5)
  A bullfrog (D:5)
  2 hounds (D:5)
  A jelly (D:5)
  2 orc priests
  5 orc wizards
  A centaur skeleton (D:4)
  3 worker ants
  Natasha (thrice) (D:3)
  2 hound skeletons
  A howler monkey zombie (D:5)
  4 adders
  An adder skeleton (D:5)
  2 worms
  A dart slug (D:1)
  5 leopard geckos
  23 orcs
  2 giant cockroaches
  11 goblins
  11 hobgoblins
  A quokka (D:5)
  2 ball pythons (D:1)
  3 bats
  6 frilled lizards
  5 kobolds
  A leopard gecko skeleton (D:4)
  A quokka skeleton (D:4)
  9 rats
110 creatures vanquished.

Notes
Turn   | Place    | Note
-------+----------+-------------------------------------------
     0 | D:1      | MiK0 the Troll Berserker began the quest for the Orb.
     0 | D:1      | Reached XP level 1. HP: 22/22 MP: 0/0
   384 | D:1      | Reached XP level 2. HP: 29/29 MP: 1/1
   802 | D:2      | Reached XP level 3. HP: 30/36 MP: 2/2
   945 | D:2      | Reached ** piety under Trog
  1203 | D:2      | Found a blossoming altar of Fedhas.
  1426 | D:3      | Reached XP level 4. HP: 45/45 MP: 3/3
  1620 | D:3      | Reached skill level 4 in Unarmed Combat
  1688 | D:3      | Reached XP level 5. HP: 43/53 MP: 4/4
  1694 | D:3      | Noticed Natasha
  1704 | D:3      | Killed Natasha
  1827 | D:3      | Noticed Natasha
  1834 | D:3      | Killed Natasha
  2035 | D:3      | Reached *** piety under Trog
  2169 | D:3      | Found a bloodstained altar of Trog.
  2421 | D:3      | Noticed Natasha
  2427 | D:3      | Killed Natasha
  2633 | D:4      | Found a sparkling altar of Nemelex Xobeh.
  2637 | D:4      | Found a glowing golden altar of the Shining One.
  2648 | D:4      | Reached XP level 6. HP: 55/62 MP: 5/5
  3112 | D:4      | Found Bif Emm's Weapon Boutique.
  3113 | D:4      | Noticed Sigmund
  3323 | D:4      | Reached skill level 5 in Unarmed Combat
  3332 | D:5      | Entered Level 5 of the Dungeon
  3504 | D:5      | Reached XP level 7. HP: 61/70 MP: 6/6
  3626 | D:5      | Got a coiled jade amulet
  3802 | D:5      | Reached **** piety under Trog
  3808 | D:5      | Noticed Menkaure
  3827 | D:5      | Found a staircase to the Ecumenical Temple.
  3837 | D:5      | HP: 3/71 [water moccasin (3)]
  3839 | D:4      | HP: 1/71 [poisoned by an adder]
  3839 | D:4      | Mangled by a water moccasin

Vault maps used:
D:1:      lemuel_arrival_behind_the_door_large
D:2:      fedhas_altar_4, first_ration
D:3:      trog_book, uniq_natasha
D:4:      nicolae_overflow_hidden_temple, serial_shops, shop, uniq_sigmund
D:5:      minmay_temple_entry_overgrown, uniq_menkaure

Skill      XL: |  1  2  3  4  5  6 |
---------------+-------------------+-----
Dodging        | 3 4 |  4.7
Fighting       | 3 4 |  4.7
Unarmed Combat | 4 5 |  5.8

Action                   |  1- 3 |  4- 6 |  7- 9 || total
-------------------------+-------+-------+-------++-------
Melee: Unarmed           |    95 |   153 |    60 ||   308
       Punch             |       |       |     5 ||     5
Invok: Berserk           |       |     2 |       ||     2
  Use: Scroll            |       |       |     3 ||     3
       Potion            |       |       |     1 ||     1
 Stab: Sleeping          |       |     1 |       ||     1
       Distracted        |       |       |     1 ||     1
  Eat: Chunk             |    19 |    17 |     7 ||    43
Armor: Animal skin       |    28 |    35 |       ||    63
       Robe              |       |     6 |    24 ||    30
Dodge: Dodged            |    31 |    82 |    50 ||   163
       Deflected         |       |     2 |       ||     2

Table legend:
 A = Spawn XP
 B = Non-spawn XP
 C = Spawn XP percentage of total XP
 D = Spawn monster count
 E = Non-spawn monster count
 F = Spawn count percentage of total count
 G = Total turns spent on level
                    A         B        C        D         E        F      G
               +---------+---------+-------+---------+---------+-------+---------
         Total |       0 |    1140 |   0.0 |       0 |     110 |   0.0 |  3839
               +---------+---------+-------+---------+---------+-------+---------
           D:1 |       0 |      35 |   0.0 |       0 |      20 |   0.0 |   801
           D:2 |       0 |      69 |   0.0 |       0 |      19 |   0.0 |   647
           D:3 |       0 |     241 |   0.0 |       0 |      27 |   0.0 |  1168
           D:4 |       0 |     252 |   0.0 |       0 |      24 |   0.0 |   717
           D:5 |       0 |     543 |   0.0 |       0 |      20 |   0.0 |   506
               +---------+---------+-------+---------+---------+-------+---------
